Unix NetHack Version 5.0.0-0 post-release - last build May 23 2026 06:08:33 (1c0ff79ee797540d5714e4e18072db0edd9e58ae,branch:main).

Game began 2026-05-28 21:10:05, ended 2026-05-28 22:25:47.

CyberFan, neutral male human Monk

  .......#.......................................
  ...#...#.#...........................
  ...#......................
  ..#....#.%..........-----
  .....^....%.........|...
  ..........%.........|..-
  ..#..#...##.........|..|
  ....##....#......*..|..|
  ..................---..|
  ..................-....|
  ..........#.......+....|
  ..................---..|
  ......#.............|..|
  .#...#..#...........|..|             |
  ....#...#...........|..--E--------- .|
  .......#..#.........|............@X^.|
  .#.... .............-----------X------
   ...#................
   .....................
  ........................
CyberFan the Student of Stones  St:18/03 Dx:13 Co:14 In:9 Wi:14 Ch:11  Neutral
Home 1 $:1004 HP:0(63) Pw:64(64) AC:0  Xp:10/5148 T:7400 

Latest messages:
 You kill the rothe!
 Your housecat eats a rothe corpse.
 You hit the xorn!
 You hit the xorn!
 You kill the xorn!
 Welcome to experience level 10.
 You see here a xorn corpse.
 Your housecat eats a xorn corpse.
 In what direction?
 This door is locked.
 Unlock it with your key? [ynq] (q)
 You succeed in unlocking the door.
 In what direction?
 The door opens.
 You hear a door open.
 You hear a door open.
 You hear a chugging sound.
 Something speaks.
 "You freed me!"
 A gush of water hits the xorn on the head!
 The xorn drinks a potion of gain level!
 The xorn seems more experienced.
 You hit the xorn!
 The xorn hits!
 The xorn hits again!
 The xorn hits again!
 The xorn bites!
 You hit the xorn!
 The xorn hits!
 The xorn misses!
 The xorn hits!
 The xorn bites!
 What do you want to zap? [cloprzBDMTUWXZ or ?*]
 In what direction?
 The bolt of lightning hits the xorn!
 The bolt of lightning bounces!
 What do you want to zap? [cloprzBDMTUWXZ or ?*]
 Nothing happens.
 The xorn hits!
 The xorn misses!
 The xorn hits!
 The xorn bites!
 What do you want to write with? [- cloprvyzBDEJLMO-QTUW-Z or ?*]
 You write in the dust with your fingertip.
 The xorn turns to flee.
 The xorn hits!
 The xorn misses!
 The xorn hits!
 The xorn bites!
 You die...

Inventory:
 Coins    ('$')
  $ - 1004 gold pieces
 Amulets  ('"')
  t - an uncursed amulet versus poison
 Weapons  (')')
  Y - the uncursed rustproof +2 Giantslayer
 Armor    ('[')
  R - an uncursed +0 dwarvish iron helm (being worn)
  a - an uncursed +2 pair of leather gloves (being worn)
  u - an uncursed +0 pair of jumping boots
  A - an uncursed +1 pair of kicking boots (being worn)
  b - an uncursed +1 robe (being worn)
 Comestibles  ('%')
  j - 2 uncursed jackfruits
  f - 6 uncursed apples
  w - 4 uncursed C-rations
  e - 5 uncursed food rations
  d - an uncursed lichen corpse
  q - an uncursed lizard corpse
 Scrolls  ('?')
  h - an uncursed scroll of confuse monster
  G - 2 uncursed scrolls of earth
  F - a cursed scroll of earth
  s - 4 uncursed scrolls of light
  n - an uncursed scroll of remove curse
  k - 3 uncursed scrolls of teleportation
  H - a cursed scroll of teleportation
 Spellbooks  ('+')
  i - a blessed spellbook of protection
 Potions  ('!')
  g - a cursed potion of monster detection
  C - an uncursed potion of restore ability
  N - 3 potions of holy water
  K - 3 uncursed potions of water
 Rings    ('=')
  v - an uncursed ring of levitation
  E - a cursed ring of polymorph
 Wands    ('/')
  D - a blessed wand of cancellation (0:7)
  T - an uncursed wand of create monster (0:13)
  o - an uncursed wand of lightning (0:0)
  M - an uncursed wand of magic missile (0:2)
  l - an uncursed wand of magic missile (0:1)
  p - an uncursed wand of magic missile (0:0)
  z - an uncursed wand of magic missile (0:0)
  Z - an uncursed wand of magic missile (0:0)
  X - an uncursed wand of make invisible (0:6)
  c - an uncursed wand of sleep (0:5)
  W - a blessed wand of striking (0:0)
  r - an uncursed wand of striking (0:0)
  B - an uncursed wand of striking (0:0)
  U - an uncursed wand of striking (0:0)
 Tools    ('(')
  m - an uncursed magic whistle
  V - a cursed oil lamp
  S - an uncursed skeleton key
  I - a blessed +0 unicorn horn
 Gems/Stones  ('*')
  J - 4 uncursed garnet stones
  P - an uncursed worthless piece of blue glass
  Q - an uncursed worthless piece of orange glass
  O - 3 uncursed worthless pieces of red glass
  L - an uncursed worthless piece of yellow glass
  y - an uncursed flint stone

CyberFan the Monk's attributes:

Background:
 You were a Student of Stones, a level 10 male human Monk.
 You were neutral, on a mission for Chih Sung-tzu
 who was opposed by Shan Lai Ching (lawful) and Huan Ti (chaotic).
 You were right-handed.
 You were in the Quest, on level 1.
 You entered the dungeon 7400 turns ago.
 It was nighttime.
 You had 5148 experience points, 4852 more were needed to attain level 11.

Basics:
 You had 0 out of 63 hit points.
 You had all 64 energy points (spell power).
 Your armor class was 0.
 Your wallet contained 1004 zorkmids.
 Autopickup was on for '$%?!"=/*' plus thrown, with exceptions.

Final Characteristics:
 Your strength was 18/03 (limit:18/100).
 Your dexterity was 13 (limit:18).
 Your constitution was 14 (limit:18).
 Your intelligence was 9 (limit:18).
 Your wisdom was 14 (limit:18).
 Your charisma was 11 (limit:18).

Final Status:
 You weren't hungry.
 You were unencumbered.
 You were empty handed.
 You had expert skill with martial arts.

Final Attributes:
 You were piously aligned.
 You were sleep resistant.
 You were poison resistant.
 You saw invisible.
 You were warned.
 You had automatic searching.
 You were stealthy.
 You were guarded.
 Your spell casting was enhanced by wearing a robe.
 You were fast.
 You are dead.

Miscellaneous:
 You disabled loading and storing of bones levels.
 Total elapsed playing time was 1 hour, 10 minutes and 8 seconds.

Major events:
 Turn
    1: CyberFan the neutral male human Monk entered the dungeon
  468: entered the Gnomish Mines
  667: attained the rank of Novice (level 3)
 1294: entered Sokoban
 1921: attained the rank of Initiate (level 6)
 1960: reached Mine Town
 2458: was bestowed with Giantslayer by Chih Sung-tzu
 4718: completed 1st Sokoban level
 7176: entered Home 1, the Quest
 7372: attained the rank of Student of Stones (level 10)
 7400: killed by a xorn

Spells:
 Name                 Level Category     Fail Retention
 protection             1   clerical       0%   51%-75%

Skills:
 Fighting Skills
   martial arts       [Expert]
 Weapon Skills
   long sword         [Unskilled]
   quarterstaff       [Unskilled]
   spear              [Unskilled]
   crossbow           [Unskilled]
   shuriken           [Unskilled]
 Spellcasting Skills
   attack spells      [Unskilled]
   healing spells     [Basic]
   divination spells  [Unskilled]
   enchantment spells [Unskilled]
   clerical spells    [Unskilled]
   escape spells      [Unskilled]
   matter spells      [Unskilled]

Voluntary challenges:
 Character rerolling was not enabled.
 You were vegetarian.
 You never genocided any monsters.
 You never polymorphed an object.
 You never changed form.
 You used no wishes.
 You did not violate any of the special Sokoban rules.
Achievements:
 You entered the Gnomish Mines.
 You attained the rank of Novice.
 You entered Sokoban.
 You attained the rank of Initiate.
 You entered Minetown.
 You entered a shop.
 You attained the rank of Student of Stones.

 The Dungeons of Doom: levels 1 to 12
    Level 1:
    Level 2:
       A fountain.
    Level 3:
       Stairs down to The Gnomish Mines.
    Level 4:
       A fountain.
    Level 5:
       Many fountains.
    Level 6:
       A sink, a grave.
       Stairs up to Sokoban, level 5.
    Level 7:
       A general store, an altar, some fountains.
    Level 8:
       Some fountains, a sink.
    Level 9:
       A fountain.
    Level 10:
    Level 11:
       Summoned by the Grand Master.
       Portal to The Quest.
    Level 12:
 The Gnomish Mines: levels 4 to 7
    Level 4:
    Level 5:
    Level 6:
       An altar to Chih Sung-tzu, some fountains.
    Level 7:
 The Quest:
    Level 1: <- You were here.
       Many trees.
       Home.
       Final resting place for
          you, killed by a xorn.
 Sokoban: levels 5 up to 4
    Level 4:
       Unsolved.
    Level 5:
       Solved.


Vanquished creatures:
 an elven monarch
  2 xorns
  a small mimic
  2 gelatinous cubes
  a tiger
  2 leocrottas
  4 stone giants
  2 soldiers
  a chameleon
  2 giant beetles
  a cockatrice
  2 wolves
  a gremlin
  a leprechaun
  6 orc-captains
 an iron piercer
  2 giant spiders
 an ice vortex
  a vampire bat
 an orc mummy
 an ogre
  a yeti
  a gold golem
  a lizard
  a jaguar
  a black unicorn
  a dust vortex
  2 soldier ants
  2 fire ants
  6 bugbears
  a water nymph
  2 Mordor orcs
  2 Uruk-hai
  5 orc shamans
  2 rock piercers
  a fog cloud
  a yellow light
  5 gnome leaders
  a black naga hatchling
  3 gray oozes
  3 straw golems
  a little dog
  a floating eye
  4 kittens
  5 dwarves
  2 homunculi
 23 hill orcs
  5 rothes
  2 giant bats
  a monkey
  3 werejackals
  6 iguanas
  6 killer bees
 an acid blob
  3 coyotes
  2 gas spores
  2 hobbits
  3 manes
  2 large kobolds
  5 hobgoblins
  a giant rat
  a brown mold
  2 yellow molds
 16 gnomes
  3 geckos
 14 jackals
  a fox
  5 goblins
  a sewer rat
  8 grid bugs
  2 bats
  3 lichens
  a kobold zombie
  3 newts
216 creatures vanquished.

No species were genocided or became extinct.

Game over:
                       ----------
                      /          \
                     /    REST    \
                    /      IN      \
                   /     PEACE      \
                  /                  \
                  |     CyberFan     |
                  |     1004 Au      |
                  | killed by a xorn |
                  |                  |
                  |                  |
                  |                  |
                  |       2026       |
                 *|     *  *  *      | *
        _________)/\\_//(\/(/\)/\//\/|_)_______

Goodbye CyberFan the Monk...

You died in The Quest on dungeon level 1 with 17148 points,
and 1004 pieces of gold, after 7400 moves.
You were level 10 with a maximum of 63 hit points when you died.

